 Dungeon Crawl Stone Soup version 0.27-a0-836-gfc908b8576 (webtiles) character file.

Game seed: 8845404969405782556

140 funkygono the Magician (level 5, -6/35 HPs)
             Began as a Djinni Fire Elementalist on Apr 1, 2021.
             Mangled by Crazy Yiuf
             ... wielding a +2 quarterstaff of chaos
              (11 damage)
             ... on level 3 of the Dungeon.
             The game lasted 00:04:40 (3876 turns).

funkygono the Magician (Djinni Fire Elementalist)   Turns: 3876, Time: 00:04:41

Health: -6/35      AC:  2    Str:  7    XL:     5   Next: 23%
Gold:   183        EV: 13    Int: 17    God:
                   SH:  0    Dex: 14

rFire    + + .     SeeInvis .   c - +1 dagger
rCold    x . .     Faith    .   (no shield)
rNeg     . . .     Spirit   .   a - +0 robe
rPois    ∞         Reflect  .   (no helmet)
rElec    .         Harm     .   (no cloak)
rCorr    .         Rampage  .   (no gloves)
Will     +....                  (boots unavailable)
Stlth    ++........             h - amulet of the acrobat
HPRegen  0.11/turn              e - ring of willpower
MPRegen  0.00/turn              (no ring)

@: flying
A: fire resistance 2, cold vulnerability 1, float, innate caster, hp casting,
extra vitality 1
a: no special abilities


You were on level 3 of the Dungeon.
You visited 1 branch of the dungeon, and saw 3 of its levels.

You collected 183 gold pieces.

Inventory:

Hand Weapons
 c - a +1 dagger (weapon)
 k - a +4 whip
Armour
 a - a +0 robe (worn)
 f - a +0 leather armour
Jewellery
 e - a ring of willpower (left hand)
 h - an amulet of the acrobat (around neck)
Scrolls
 b - a scroll of silence
 i - a scroll of vulnerability {unknown}
 l - a scroll of identify
Potions
 d - a potion of mutation
 g - a potion of lignification
 j - a potion of degeneration {unknown}


   Skills:
 + Level 0.2 Fighting
 * Level 3.0 Dodging
 - Level 1.5 Stealth
 * Level 4.6 Spellcasting


You couldn't memorise any spells.
You knew the following spells:

 Your Spells              Type           Power      Damage    Failure   Level
a - Foxfire               Conj/Fire      76%        2x1d7     2%          1
b - Conjure Flame         Conj/Fire      19%        6-21      7%          3
c - Inner Flame           Hex/Fire       19%        N/A       7%          3
d - Sticky Flame          Conj/Fire      19%        2d4       22%         4
e - Fireball              Conj/Fire      9%         3d6       52%         5
f - Beastly Appendage     Tmut           38%        N/A       2%          1
g - Passwall              Tmut/Erth      15%        N/A       3%          2
Your spell library was empty.

Dungeon Overview and Level Annotations

Branches:
Dungeon (3/15)

Altars:
Hepliaklqana
Makhleb
Wu Jian

Annotations:
D:3 Crazy Yiuf


Innate Abilities, Weirdness & Mutations

You are immune to poison.
Your flesh is very heat resistant. (rF++)
You are vulnerable to cold. (rC-)
You float through the air rather than walking.
You learn spells naturally, not from books.
Your magical power is your life essence.
You have superior vitality. (+4 HP)


Message History

Confirm with . or Enter, or press ? or * to list all spells.
You conjure some foxfire!
The gnoll hits you from afar with a +5 halberd.
The foxfire hits the gnoll.
The gnoll is severely wounded.
The foxfire hits the gnoll.
The gnoll is severely wounded.
Casting: Foxfire (safe; 2% risk of failure)
Confirm with . or Enter, or press ? or * to list all spells.
You conjure some foxfire!
The gnoll misses you.
The foxfire hits the gnoll!
You kill the gnoll!
Your Dodging skill increases to level 3!
You see here a +3 spear of freezing.
Your foxfire dissipates!
HP restored.
l - a scroll of identify
Things that are here:
a +5 halberd; a +1 flail of protection
Okay, then.
You see here a +0 ring mail.
Found a mace.
Found four maces.
You see here a +0 mace.
You see here a +0 mace.
You see here a +0 mace.
Found a mace.
Found a runed translucent door.
You reach down and open the door.
Crazy Yiuf drinks a potion.
Crazy Yiuf goes berserk!
You see here a +0 mace.
Casting: Foxfire (safe; 2% risk of failure)
Confirm with . or Enter, or press ? or * to list all spells.
You conjure some foxfire!
Crazy Yiuf hits you with a +2 quarterstaff of chaos!!
Ouch! That really hurt!
* * * LOW HITPOINT WARNING * * *
Crazy Yiuf freezes you.
* * * LOW HITPOINT WARNING * * *
Crazy Yiuf hits you with a +2 quarterstaff of chaos!
You die...

#.#.##.# #...^.
#.#.##.# #.....
######## ###...
#... #... ####♣♣
### #... ##...)♣♣
♣♣#..)# #...
#...)v.♣♣♣♣.'...#
#...
#.)).@g.♣.g♣#...#
#... #.#..v.♣.♣♣♣
### #...
########.###♣♣♣♣♣
#..# #.........#
##.# #.....#...#
##### #.#
.......#.#.#
#.#.###..
.#.......#.#
#.#.....#
##....###.#
#..§....#
###.####.#
#####...#


You could see Crazy Yiuf (berserk, ally target).

Vanquished Creatures
  8 gnolls (D:3)
  An adder (D:3)
  An orc (D:3)
  5 endoplasms
  A giant cockroach (D:1)
  6 goblins
  2 hobgoblins (D:3)
  6 jackals (D:2)
  A quokka (D:1)
  5 ball pythons
  4 bats
  4 frilled lizards
  6 kobolds
  8 rats
58 creatures vanquished.

Vanquished Creatures (others)
  150 foxfires
150 creatures vanquished.

Grand Total: 208 creatures vanquished

Notes
Turn   | Place    | Note
-------+----------+-------------------------------------------
     0 | D:1      | funkygono the Djinni Fire Elementalist began the quest for
                  | the Orb.
     0 | D:1      | Reached XP level 1. HP: 15/15 MP: 0/0
   327 | D:1      | Reached skill level 3 in Spellcasting
   328 | D:1      | Reached XP level 2. HP: 17/21 MP: 0/0
   419 | D:1      | You are sucked into a shaft and drop 1 floor!
   708 | D:2      | Found an ornate altar of the Wu Jian Council.
  1615 | D:2      | Reached XP level 3. HP: 24/25 MP: 0/0
  1615 | D:2      | Learned a level 1 spell: Beastly Appendage
  2267 | D:3      | Found a burning altar of Makhleb.
  2546 | D:3      | Found a hazy altar of Hepliaklqana.
  2910 | D:3      | Reached skill level 4 in Spellcasting
  2910 | D:3      | Reached XP level 4. HP: 19/31 MP: 0/0
  3320 | D:3      | Reached XP level 5. HP: 4/35 MP: 0/0
  3320 | D:3      | Learned a level 2 spell: Passwall
  3865 | D:3      | Found a runed translucent door.
  3866 | D:3      | Noticed Crazy Yiuf
  3876 | D:3      | Mangled by Crazy Yiuf

Illustrated notes

Levels and vault maps discovered:
D:1:      doesnt_arrival_eight_statues, layout_loops_ring, minmay_cupped
D:2:      layout_basic, nicolae_overflow_crystal_walls
D:3:      layout_loops_cross, lemuel_crystal_altar, zin_scriptorium,
          lemuel_doored_altar, uniq_crazy_yiuf_cottage

Skill      XL: |  1  2  3  4  5 |
---------------+----------------+-----
Spellcasting   | 3 4 |  4.6
Dodging        | 3 |  3.0
Fighting       | |  0.2
Stealth        | |  1.5

Action                   |  1- 3 |  4- 6 || total
-------------------------+-------+-------++-------
Melee: Dagger            |     3 |       ||     3
 Cast: Foxfire           |    69 |    22 ||    91
       Beastly Appendage |     2 |       ||     2
  Use: Scroll            |     5 |       ||     5
Armor: Robe              |    11 |       ||    11
Dodge: Dodged            |    21 |    20 ||    41

Table legend: (Time is in decaauts)
 A = Elapsed time spent in this place.
 B = Non-inter-level travel time spent in this place.
 C = Inter-level travel time spent in this place.
 D = Time resting spent in this place.
 E = Time spent auto-exploring this place.
 F = Levels seen in this place.
 G = Mean time per level.
                   A        B        C        D        E       F      G
               +--------+--------+--------+--------+--------+-----+--------+
         Total |   3875 |   3848 |     27 |     23 |   3416 |   3 | 1291.7 |
       Dungeon |   3875 |   3848 |     27 |     23 |   3416 |   3 | 1291.7 |
               +--------+--------+--------+--------+--------+-----+--------+

Top non-repeatable levels by time:
     D:3: 1608 daAuts
     D:2: 1200 daAuts
     D:1: 1066 daAuts
